TOP OF THE 1ST |
Kingston Iguanas batting - Pitching for Minnesota ManBearPigs : RHP Mike Horton
|
Pitching: RHP Mike Horton
|
|
Batting: RHB Bob Lee
|
0-0: Bunt for hit - play at first, batter OUT! 2-3
|
Batting: RHB Francisco Martínez
|
0-0: Called Strike 0-1: Foul Ball, location: 2F 0-2: Ball 1-2: Foul Ball, location: 2F 1-2: SINGLE (Line Drive, 8LS)
|
Batting: LHB Dusty Wilson
|
0-0: Called Strike 0-1: Foul Ball, location: 2F 0-2: Ball 1-2: Foul Ball, location: 2F 1-2: Ball 2-2: Fly out, F9 (Flyball, 89S)
|
Batting: RHB Tommy Davenport
|
0-0: Foul Ball, location: 2F 0-1: Foul Ball, location: 2F 0-2: Ball 1-2: Ground out 4-3 (Groundball, 4MD)
|
Top of the 1st over - 0 run(s), 1 hit(s), 0 error(s), 1 left on base; Kingston 0 - Minnesota 0 |
BOTTOM OF THE 1ST |
Minnesota ManBearPigs batting - Pitching for Kingston Iguanas : RHP Tom Hicks
|
Pitching: RHP Tom Hicks
|
|
Batting: RHB Carlos López
|
0-0: Ball 1-0: Ball 2-0: Ground out 6-3 (Groundball, 56)
|
Batting: RHB Casey Fox
|
0-0: Ball 1-0: SINGLE (Groundball, 56D)
|
Batting: RHB Pat Fernández
|
0-0: Ball 1-0: Foul Ball, location: 2F 1-1: Ball 2-1: Fly out, F9 (Flyball, 9LS)
|
Batting: RHB Ramiro Chávez
|
0-0: Foul Ball, location: 2F 0-1: SINGLE (Line Drive, 9S) Casey Fox to second
|
Batting: RHB Jeffrey Hicks
|
0-0: Ball 1-0: Foul Ball, location: 2F 1-1: Fly out, F7 (Line Drive, 7S)
|
Bottom of the 1st over - 0 run(s), 2 hit(s), 0 error(s), 2 left on base; Kingston 0 - Minnesota 0 |
TOP OF THE 2ND |
Kingston Iguanas batting - Pitching for Minnesota ManBearPigs : RHP Mike Horton
|
Batting: LHB Gustavo Gómez
|
0-0: Ball 1-0: Ball 2-0: Ball 3-0: Called Strike 3-1: Fly out, F8 (Flyball, 8RM)
|
Batting: SHB Devin Smith
|
0-0: Called Strike 0-1: Foul Ball, location: 2F 0-2: Strikes out swinging
|
Batting: LHB Billy Anderson
|
0-0: Called Strike 0-1: Swinging Strike 0-2: Strikes out swinging
|
Top of the 2nd over - 0 run(s), 0 hit(s), 0 error(s), 0 left on base; Kingston 0 - Minnesota 0 |
BOTTOM OF THE 2ND |
Minnesota ManBearPigs batting - Pitching for Kingston Iguanas : RHP Tom Hicks
|
Now in LF: Mike Godfrey
|
|
Batting: RHB Irving Galloway
|
0-0: Ground out 6-3 (Groundball, 6)
|
Batting: RHB Tom Hicks
|
0-0: Fly out, F9 (Flyball, 9LMF)
|
Batting: RHB Pedro López
|
0-0: Called Strike 0-1: Ball 1-1: Ball 2-1: Swinging Strike 2-2: Fly out, F8 (Flyball, 8LS)
|
Bottom of the 2nd over - 0 run(s), 0 hit(s), 0 error(s), 0 left on base; Kingston 0 - Minnesota 0 |
TOP OF THE 3RD |
Kingston Iguanas batting - Pitching for Minnesota ManBearPigs : RHP Mike Horton
|
Batting: RHB Sergio Mata
|
0-0: Ball 1-0: Foul Ball, location: 2F 1-1: Foul Ball, location: 2F 1-2: Foul Ball, location: 2F 1-2: Foul Ball, location: 2F 1-2: SINGLE (Groundball, 6D)
|
Batting: RHB Manuel Gómez
|
0-0: Fly out, F7 (Flyball, 7)
|
Batting: RHB Bob Lee
|
0-0: Ball 1-0: SINGLE (Groundball, 34D) Sergio Mata to second Runner from 2nd tries for 3rd, SAFE, throw made to third Bob Lee to second
|
Batting: RHB Francisco Martínez
|
0-0: Called Strike 0-1: Ground out 4-3 (Groundball, 4M) Sergio Mata scores Bob Lee to third
|
Batting: LHB Dusty Wilson
|
0-0: Ball 1-0: Ball 2-0: Ball 3-0: Base on Balls
|
Batting: LHB Mike Godfrey
|
0-0: Ball 1-0: Ball 2-0: Ball 3-0: Called Strike 3-1: Swinging Strike 3-2: Strikes out swinging
|
Top of the 3rd over - 1 run(s), 2 hit(s), 0 error(s), 2 left on base; Kingston 1 - Minnesota 0 |
BOTTOM OF THE 3RD |
Minnesota ManBearPigs batting - Pitching for Kingston Iguanas : RHP Tom Hicks
|
Batting: RHB Carlos Luna
|
0-0: Called Strike 0-1: Ground out 6-3 (Groundball, 6S)
|
Batting: RHB Carlos López
|
0-0: Foul Ball, location: 2F 0-1: Ground out 6-3 (Groundball, 6)
|
Batting: RHB Casey Fox
|
0-0: Ball 1-0: SOLO HOME RUN (Flyball, 7D), Distance : 380 ft
|
Batting: RHB Pat Fernández
|
0-0: Swinging Strike 0-1: Ball 1-1: Foul Ball, location: 2F 1-2: Strikes out swinging
|
Bottom of the 3rd over - 1 run(s), 1 hit(s), 0 error(s), 0 left on base; Kingston 1 - Minnesota 1 |
TOP OF THE 4TH |
Kingston Iguanas batting - Pitching for Minnesota ManBearPigs : RHP Mike Horton
|
Batting: LHB Gustavo Gómez
|
0-0: Ball 1-0: SINGLE (Flyball, 8RM)
|
Batting: SHB Devin Smith
|
0-0: Called Strike 0-1: Foul Ball, location: 2F 0-2: Fielders Choice at 2nd, 1-6 (Groundball, 13)
|
Batting: LHB Billy Anderson
|
0-0: Called Strike 0-1: Ball 1-1: Ball Devin Smith is caught stealing 2nd base 2-1: Called Strike 2-2: Foul Ball, location: 2F 2-2: Fly out, F8 (Flyball, 8LXD)
|
Top of the 4th over - 0 run(s), 1 hit(s), 0 error(s), 0 left on base; Kingston 1 - Minnesota 1 |
BOTTOM OF THE 4TH |
Minnesota ManBearPigs batting - Pitching for Kingston Iguanas : RHP Tom Hicks
|
Batting: RHB Ramiro Chávez
|
0-0: Ball 1-0: Called Strike 1-1: Called Strike 1-2: Strikes out swinging
|
Batting: RHB Jeffrey Hicks
|
0-0: Ball 1-0: Ball 2-0: Foul Ball, location: 2F 2-1: Foul Ball, location: 2F 2-2: Ball 3-2: Foul Ball, location: 2F 3-2: Base on Balls
|
Batting: RHB Irving Galloway
|
0-0: Ball 1-0: Ball Jeffrey Hicks steals 2nd base 2-0: Called Strike 2-1: Ball 3-1: Swinging Strike 3-2: Foul Ball, location: 2F 3-2: SINGLE (Groundball, 6D) Jeffrey Hicks to third Runner from 3rd tries for Home, SAFE, no throw
|
Batting: RHB Tom Hicks
|
0-0: Called Strike 0-1: Ball 1-1: Foul Ball, location: 2F 1-2: Foul Ball, location: 2F 1-2: Ball 2-2: Foul Ball, location: 2F 2-2: Fly out, F7 (Flyball, 7LS)
|
Batting: RHB Pedro López
|
0-0: Ball 1-0: Called Strike 1-1: Ball 2-1: Foul Ball, location: 2F 2-2: Fielders Choice at 2nd, 4-6 (Groundball, 4)
|
Bottom of the 4th over - 1 run(s), 1 hit(s), 0 error(s), 0 left on base; Kingston 1 - Minnesota 2 |
TOP OF THE 5TH |
Kingston Iguanas batting - Pitching for Minnesota ManBearPigs : RHP Mike Horton
|
Batting: RHB Sergio Mata
|
0-0: Fly out, F8 (Flyball, 8LD)
|
Batting: RHB Manuel Gómez
|
0-0: Called Strike 0-1: Ball 1-1: Ball 2-1: Ball 3-1: Base on Balls
|
Batting: RHB Bob Lee
|
0-0: Called Strike Manuel Gómez steals 2nd base 0-1: SINGLE (Line Drive, 9S) Manuel Gómez to third Runner from 3rd tries for Home, SAFE, no throw
|
Batting: RHB Francisco Martínez
|
0-0: Ball Bob Lee steals 2nd base 1-0: Swinging Strike 1-1: Ball 2-1: Called Strike 2-2: Reached on error, E4 (Groundball, 34) Bob Lee to third
|
Batting: LHB Dusty Wilson
|
0-0: Called Strike 0-1: Called Strike 0-2: Fielders Choice at 2nd, 1-6 (Groundball, 13S)
|
Batting: LHB Mike Godfrey
|
0-0: Ball 1-0: SINGLE (Groundball, 3) (infield hit) Bob Lee scores Dusty Wilson to second
|
Batting: LHB Gustavo Gómez
|
0-0: Called Strike 0-1: SINGLE (Line Drive, 5D) Dusty Wilson to third Mike Godfrey to second Runner from 3rd tries for Home, throw and OUT!
|
Top of the 5th over - 2 run(s), 3 hit(s), 1 error(s), 2 left on base; Kingston 3 - Minnesota 2 |
BOTTOM OF THE 5TH |
Minnesota ManBearPigs batting - Pitching for Kingston Iguanas : RHP Tom Hicks
|
Batting: RHB Carlos Luna
|
0-0: Called Strike 0-1: Ground out 4-3 (Groundball, 4)
|
Batting: RHB Carlos López
|
0-0: Ball 1-0: Ball 2-0: Called Strike 2-1: Called Strike 2-2: Foul Ball, location: 2F 2-2: Foul Ball, location: 2F 2-2: Ball 3-2: DOUBLE (Line Drive, 7LM)
|
Batting: RHB Casey Fox
|
0-0: Ball 1-0: Foul Ball, location: 2F 1-1: Called Strike 1-2: Ball 2-2: Foul Ball, location: 2F 2-2: Foul Ball, location: 2F 2-2: Ground out 4-3 (Groundball, 4) Carlos López to third
|
Batting: RHB Pat Fernández
|
0-0: Called Strike 0-1: Foul Ball, location: 2F 0-2: Fly out, F7 (Flyball, 7D)
|
Bottom of the 5th over - 0 run(s), 1 hit(s), 0 error(s), 1 left on base; Kingston 3 - Minnesota 2 |
TOP OF THE 6TH |
Kingston Iguanas batting - Pitching for Minnesota ManBearPigs : RHP Mike Horton
|
Batting: SHB Devin Smith
|
0-0: Ground out 6-3 (Groundball, 6)
|
Batting: LHB Billy Anderson
|
0-0: Fly out, F8 (Flyball, 8RM)
|
Batting: RHB Sergio Mata
|
0-0: Ball 1-0: Ball 2-0: Foul Ball, location: 2F 2-1: SINGLE (Groundball, 4M) (infield hit)
|
Batting: RHB Manuel Gómez
|
0-0: Ball 1-0: Called Strike 1-1: Called Strike 1-2: Ball 2-2: SINGLE (Groundball, 5D) Sergio Mata to second
|
Batting: RHB Bob Lee
|
0-0: Ball 1-0: Foul Ball, location: 2F 1-1: Ball 2-1: Fly out, F4 (Line Drive, 4M)
|
Top of the 6th over - 0 run(s), 2 hit(s), 0 error(s), 2 left on base; Kingston 3 - Minnesota 2 |
BOTTOM OF THE 6TH |
Minnesota ManBearPigs batting - Pitching for Kingston Iguanas : RHP Tom Hicks
|
Batting: RHB Ramiro Chávez
|
0-0: SOLO HOME RUN (Flyball, 7D), Distance : 395 ft
|
Batting: RHB Jeffrey Hicks
|
0-0: Ball 1-0: Called Strike 1-1: Foul Ball, location: 2F 1-2: Ball 2-2: Ground out 1-3 (Groundball, 13)
|
Batting: RHB Irving Galloway
|
0-0: Called Strike 0-1: Ball 1-1: Ball 2-1: Ground out 5-3 (Groundball, 56S)
|
Batting: RHB Tom Hicks
|
0-0: Ball 1-0: Ball 2-0: Called Strike 2-1: Swinging Strike 2-2: Fly out, F9 (Flyball, 9S)
|
Bottom of the 6th over - 1 run(s), 1 hit(s), 0 error(s), 0 left on base; Kingston 3 - Minnesota 3 |
TOP OF THE 7TH |
Kingston Iguanas batting - Pitching for Minnesota ManBearPigs : RHP Mike Horton
|
Batting: RHB Francisco Martínez
|
0-0: Called Strike 0-1: Foul Ball, location: 2F 0-2: Strikes out looking and he ARGUES THE CALL AND IS TOSSED!
|
Pitching: RHP Curt Howard
|
|
Batting: LHB Dusty Wilson
|
0-0: Foul Ball, location: 2F 0-1: Foul Ball, location: 2F 0-2: Ball 1-2: Ball 2-2: Foul Ball, location: 2F 2-2: Foul Ball, location: 2F 2-2: Ball 3-2: Base on Balls
|
Batting: LHB Mike Godfrey
|
0-0: Ball Dusty Wilson is caught stealing 2nd base 1-0: Ball 2-0: Foul Ball, location: 2F 2-1: Foul Ball, location: 2F 2-2: Fly out, F8 (Flyball, 8LD)
|
Top of the 7th over - 0 run(s), 0 hit(s), 0 error(s), 0 left on base; Kingston 3 - Minnesota 3 |
BOTTOM OF THE 7TH |
Minnesota ManBearPigs batting - Pitching for Kingston Iguanas : RHP Tom Hicks
|
Pitching: RHP Kel Meyer
|
|
Now at C: Davey Casey
|
|
Pinch Hitting: LHB Ramiro Muńóz
|
0-0: Called Strike 0-1: SINGLE (Groundball, 34D)
|
Pinch Hitting: SHB William Hamilton
|
0-0: Swinging Strike 0-1: Swinging Strike 0-2: Strikes out swinging
|
Batting: RHB Carlos López
|
0-0: Foul Ball, location: 2F 0-1: Swinging Strike 0-2: Ball 1-2: Fielders Choice at 2nd, 4-6 (Groundball, 4)
|
Batting: RHB Casey Fox
|
0-0: Ball 1-0: Swinging Strike 1-1: Ball 2-1: Called Strike 2-2: Ground out 5-3 (Groundball, 56)
|
Bottom of the 7th over - 0 run(s), 1 hit(s), 0 error(s), 1 left on base; Kingston 3 - Minnesota 3 |
TOP OF THE 8TH |
Kingston Iguanas batting - Pitching for Minnesota ManBearPigs : RHP Curt Howard
|
Now in LF: José Orozco
|
|
Now in RF: Ben Barker
|
|
Batting: LHB Gustavo Gómez
|
0-0: Ball 1-0: Foul Ball, location: 2F 1-1: Fly out, F4 (Popup, 34D)
|
Pinch Hitting: RHB Bobby Armstrong
|
0-0: Ball 1-0: Ball 2-0: Ball 3-0: Called Strike 3-1: Base on Balls
|
Batting: LHB Billy Anderson
|
0-0: Ball 1-0: Called Strike 1-1: Ball 2-1: Foul Ball, location: 2F 2-2: Ball 3-2: Base on Balls Bobby Armstrong to second
|
Batting: RHB Sergio Mata
|
0-0: SINGLE (Groundball, 56D) Bobby Armstrong to third Billy Anderson to second Runner from 3rd tries for Home, SAFE, throw made home Billy Anderson to third Sergio Mata to second
|
Batting: RHB Manuel Gómez
|
0-0: Ground out 5-3 (Groundball, 56)
|
Batting: RHB Bob Lee
|
0-0: Ball 1-0: SINGLE (Groundball, 34D) Billy Anderson scores Sergio Mata to third Runner from 3rd tries for Home, SAFE, no throw
|
Pitching: LHP Ed Stevens
|
|
Batting: LHB Davey Casey
|
0-0: Called Strike 0-1: Ball 1-1: Ball 2-1: Foul Ball, location: 2F 2-2: Strikes out swinging
|
Top of the 8th over - 3 run(s), 2 hit(s), 0 error(s), 1 left on base; Kingston 6 - Minnesota 3 |
BOTTOM OF THE 8TH |
Minnesota ManBearPigs batting - Pitching for Kingston Iguanas : RHP Kel Meyer
|
Now at 3B: Bobby Armstrong
|
|
Batting: RHB Pat Fernández
|
0-0: Ground out 6-3 (Groundball, 6)
|
Batting: RHB Ramiro Chávez
|
0-0: Called Strike 0-1: Foul Ball, location: 2F 0-2: Ball 1-2: SINGLE (Flyball, 78S)
|
Batting: RHB Jeffrey Hicks
|
0-0: Ball 1-0: Swinging Strike 1-1: Called Strike 1-2: Fly out, F9 (Flyball, 9S)
|
Batting: RHB Irving Galloway
|
0-0: Called Strike 0-1: Ball 1-1: Ground out 1-3 (Groundball, 13)
|
Bottom of the 8th over - 0 run(s), 1 hit(s), 0 error(s), 1 left on base; Kingston 6 - Minnesota 3 |
TOP OF THE 9TH |
Kingston Iguanas batting - Pitching for Minnesota ManBearPigs : LHP Ed Stevens
|
Batting: LHB Dusty Wilson
|
0-0: Called Strike 0-1: Ball 1-1: Ball 2-1: Ball 3-1: Foul Ball, location: 2F 3-2: Strikes out swinging
|
Batting: LHB Mike Godfrey
|
0-0: DOUBLE (Line Drive, 78D)
|
Batting: LHB Gustavo Gómez
|
0-0: Called Strike 0-1: Fly out, F4 (Line Drive, 4)
|
Batting: RHB Bobby Armstrong
|
0-0: Intentional Walk
|
Batting: LHB Billy Anderson
|
0-0: Ball 1-0: Called Strike 1-1: Ball 2-1: Foul Ball, location: 2F 2-2: Ball 3-2: Fly out, F8 (Flyball, 89M)
|
Top of the 9th over - 0 run(s), 1 hit(s), 0 error(s), 2 left on base; Kingston 6 - Minnesota 3 |
BOTTOM OF THE 9TH |
Minnesota ManBearPigs batting - Pitching for Kingston Iguanas : RHP Kel Meyer
|
Pitching: RHP Guo-fang Juan
|
|
Batting: RHB Tom Hicks
|
0-0: Called Strike 0-1: Ball 1-1: Ball 2-1: Foul Ball, location: 2F 2-2: Ball 3-2: Strikes out swinging
|
Batting: RHB José Orozco
|
0-0: Ball 1-0: Ground out 6-3 (Groundball, 6M)
|
Batting: RHB Ben Barker
|
0-0: Ground out 4-3 (Groundball, 4)
|
Bottom of the 9th over - 0 run(s), 0 hit(s), 0 error(s), 0 left on base; Kingston 6 - Minnesota 3 |
|